 Dungeon Crawl Stone Soup version 0.17-a0-1522-g6c5b4ba (webtiles) character file.

692 Jb9000 the Sneak (level 7, -4/44 HPs)
             Began as a Gargoyle Fighter on July 14, 2015.
             Was a Follower of Makhleb.
             Slain by an ogre
             ... wielding a cursed +0 giant club
              (14 damage)
             ... on level 5 of the Dungeon.
             The game lasted 00:17:15 (4349 turns).

Jb9000 the Sneak (Gargoyle Fighter)                 Turns: 4349, Time: 00:17:15

Health: -4/44      AC: 15    Str: 20    XL:     7   Next: 63%
Magic:  10/10      EV:  8    Int:  9    God:    Makhleb [*.....]
Gold:   147        SH:  9    Dex: 10    Spells: 0 memorised, 10 levels left

rFire  + + .     SeeInvis .     a - +1 war axe
rCold  . . .     Clarity  .     n - +2 scale mail {rF+}
rNeg   + + .     SustAt   .     c - +0 shield
rPois  ∞         Gourm    .     (no helmet)
rElec  +         Spirit   .     j - +0 cloak
rCorr  .         Warding  .     (no gloves)
rMut   .         Stasis   .     (no boots)
MR     +....                    (no amulet)
Stlth  +.........               h - ring of positive energy
                                f - ring of protection from magic

@: somewhat resistant to hostile enchantments, very unstealthy
A: fire resistance 1, negative energy resistance 1, electricity resistance,
unbreathing, petrification resistance, rot immunity, AC +4
a: Renounce Religion


You were on level 5 of the Dungeon.
You worshipped Makhleb.
Makhleb was aware of your devotion.
You were not hungry.

You visited 1 branch of the dungeon, and saw 5 of its levels.

You collected 147 gold pieces.

Inventory:

Hand weapons
 a - a +1 war axe (weapon)
 i - a +0 blowgun
 p - a +0 shortbow
 w - a +2 spear of pain
Missiles
 l - 34 poisoned needles
 q - 15 arrows of dispersal
 r - 15 arrows
 u - 59 bolts
Armour
 c - a +0 shield (worn)
 j - a +0 cloak (worn)
 n - a +2 scale mail of fire resistance (worn)
Jewellery
 f - a ring of protection from magic (left hand)
 h - a ring of positive energy (right hand)
Magical devices
 k - a wand of draining (8)
 o - a wand of random effects (20)
 v - a wand of disintegration (6)
Scrolls
 b - a scroll of random uselessness {unknown}
 g - a scroll of enchant armour
 s - a scroll of noise {unknown}
 y - 3 scrolls of identify
 z - a scroll of enchant weapon
 A - a scroll of remove curse
Potions
 t - 3 potions of heal wounds {unknown}
 x - a potion of flight
Comestibles
 d - a chunk of flesh
 e - 3 bread rations
 m - a meat ration


   Skills:
 + Level 4.4 Fighting
 + Level 3.0 Axes
 + Level 4.5 Armour
 + Level 2.1 Dodging
 * Level 4.6 Stealth
 + Level 4.3 Shields
 + Level 2.0 Spellcasting
 + Level 0.9 Invocations
 + Level 0.8 Evocations


You had 10 spell levels left.
You didn't know any spells.

Dungeon Overview and Level Annotations

Branches:
Dungeon (5/15)
 Temple: D:4-7

Altars:
Fedhas
Makhleb
Vehumet
Xom
Zin

Annotations:
D:4 exclusion: statue


Innate Abilities, Weirdness & Mutations

You are resistant to torment.
Your stone body is resilient (AC +4).
You are immune to poison.
You resist negative energy.
You are resistant to electric shocks.
You can survive without breathing.
You are immune to petrification.
You are immune to rotting.
Your flesh is heat resistant.


Message History

Aim: an ogre, wielding a giant club (chance to defeat MR: 68%)
The ogre is blasted.
This wand has 6 charges left.
You hit the ogre.
The ogre is heavily wounded.
The ogre hits you but does no damage.
You hit the ogre.
The ogre is severely wounded.
The ogre hits you with a giant club!
You hit the ogre but do no damage.
The ogre is severely wounded.
You block the ogre's attack.
You hit the ogre.
The ogre is almost dead.
The ogre hits you with a giant club!
You hit the ogre.
The ogre is almost dead.
The ogre hits you with a giant club!
* * * LOW HITPOINT WARNING * * *
The ogre hits you with a giant club!
You die...

***,,,,* **,,,,*,** ** ***..*
*##...,**,,* *
*#.###.....****,**
#........#* *,,***
##........# **,,,**
##.........#***,,,,*,
###...........,,,,,,,,,
******#......O......,,,,,,,,,
*,,*,,,,,,#)@#**,,,,*******,,
****,,,,,****#..# **,,,,**
***, **,,,,,,*** #..#
***,,,****,,,
,,,,,,,,**#####.##
**,,,.#..,,
,,,,,,,,.##.....## **,,....,,
***,,,,,.........# *,...#**,
****,,**...#####.## **..#* *,
,,,,,,*#..** #..# *#.#* **
,,,,,**#..* ##..### ##..# #


You could see an ogre.

Vanquished Creatures
  The ghost of Jb9000 the Skirmisher, an average GrFi (D:4)
  A centaur (D:5)
  A scorpion (D:4)
  An orc priest (D:3)
  A centaur skeleton (D:5)
  3 worker ants
  Terence (D:3)
  A hound (D:5)
  An iguana (D:3)
  A worker ant zombie (D:5)
  7 adders
  4 gnolls (D:3)
  2 oozes
  3 worms
  2 giant geckos
  9 orcs
  12 giant cockroaches
  14 hobgoblins
  12 kobolds
  3 quokkas
  A ball python (D:3)
  10 bats
  A giant gecko skeleton (D:5)
  5 giant newts
  7 goblins
  8 jackals
  10 rats
122 creatures vanquished.

Notes
Turn   | Place    | Note
--------------------------------------------------------------
     0 | D:1      | Jb9000 the Gargoyle Fighter began the quest for the Orb.
     0 | D:1      | Reached XP level 1. HP: 14/14 MP: 1/1
    93 | D:1      | Reached skill level 1 in Stealth
   278 | D:1      | Reached XP level 2. HP: 19/19 MP: 2/2
   591 | D:2      | Reached XP level 3. HP: 20/23 MP: 3/3
   730 | D:2      | You fall through a shaft for 2 floors!
   730 | D:4      | Noticed Jb9000's ghost (average GrFi)
   750 | D:5      | Entered Level 5 of the Dungeon
   762 | D:5      | Reached skill level 1 in Dodging
   762 | D:5      | Reached XP level 4. HP: 19/28 MP: 5/5
   873 | D:5      | Noticed a centaur
   874 | D:5      | Gained mutation: Your flesh is heat resistant. [potion of beneficial mutation]
   894 | D:5      | Killed a centaur
   894 | D:5      | Reached skill level 1 in Spellcasting
   894 | D:5      | Reached XP level 5. HP: 5/33 MP: 6/6
  1304 | D:4      | Noticed a scorpion
  1313 | D:4      | Killed a scorpion
  1364 | D:4      | Reached XP level 6. HP: 38/38 MP: 8/8
  1452 | D:3      | Reached skill level 4 in Shields
  2078 | D:3      | Noticed Terence
  2094 | D:3      | Killed Terence
  2605 | D:2      | Found a shimmering altar of Xom.
  2625 | D:2      | Reached XP level 7. HP: 43/43 MP: 9/9
  2725 | D:2      | Found a burning altar of Makhleb.
  2729 | D:2      | Noticed a cacodemon
  2738 | D:2      | Found a glowing silver altar of Zin.
  2738 | D:2      | Noticed an angel
  2750 | D:2      | Became a worshipper of Makhleb the Destroyer
  2824 | D:2      | Found a blossoming altar of Fedhas.
  3469 | D:4      | Found a radiant altar of Vehumet.
  3469 | D:4      | Noticed a charred statue
  3744 | D:4      | Killed Jb9000's ghost
  4003 | D:4      | Acquired Makhleb's first power
  4334 | D:5      | Noticed an ogre
  4349 | D:5      | Slain by an ogre

Vault maps used:
D:1:      minmay_arrival_stone_box
D:2:      grunt_temple_overflow_order_and_chaos_2, lemuel_doored_altar,
          overflow_temple_1_default, hex_medium
D:3:      gup_sewer_entry_pipe, uniq_terence
D:4:      vehumet_statue
D:5:      lemuel_ratsnest, first_bread, grunt_ministairs_10

Action                   |  1- 3 |  4- 6 |  7- 9 || total
-------------------------+-------+-------+-------++-------
Melee: War axe           |    96 |   228 |   136 ||   460
Evoke: Wand              |       |       |     1 ||     1
  Use: Potion            |       |     4 |     4 ||     8
       Scroll            |       |     9 |       ||     9
 Stab: Distracted        |       |       |     1 ||     1
       Invisible         |       |       |     1 ||     1
       Sleeping          |       |       |     1 ||     1
  Eat: Chunk             |       |     7 |     1 ||     8
       Meat ration       |       |       |     1 ||     1
       Pizza             |       |       |     1 ||     1
